 Dungeon Sprint DCSS version 0.31.0-9-g3a7656b989 (webtiles) character file.

Game seed: 7210710973517730981

25 Groucho the Digger (level 2, 0/15 HPs)
             Began as a Deep Elf Earth Elementalist on Feb 3, 2024.
             Was a Follower of Sif Muna.
             Succumbed to a scorpion's poison
             ... in the Dungeon (Sprint VII: "The Pits").
             The game lasted 00:01:11 (511 turns).

Groucho the Digger (Deep Elf Earth Elementalist)     Turns: 511, Time: 00:01:12

Health: 0/15       AC:  2    Str:  5    XL:     2   Next: 82%
Magic:  8/9        EV: 12    Int: 19    God:    Sif Muna [*.....]
Gold:   0          SH:  0    Dex: 15    Spells: 9/10 levels left

rFire   . . .        h - +2 dagger
rCold   . . .        (no shield)
rNeg    . . .        a - +0 robe
rPois   .            (no helmet)
rElec   .            (no cloak)
rCorr   .            (no gloves)
SInv    .            (no boots)
Will    .....        (no amulet)
Stlth   ++           (no ring)
HPRegen 0.22/turn    (no ring)
MPRegen 0.11/turn

%: no teleportation
@: lethally poisoned (0 -> -1), hasted, very quick
A: no striking features
a: Renounce Religion, Channel Magic


You were in the Dungeon.
You worshipped Sif Muna.
Sif Muna was aware of your devotion.
You visited 1 branch

Inventory:

Hand Weapons
 h - a +2 dagger (weapon)
Armour
 a - a +0 robe (worn)
Scrolls
 g - a scroll of blinking
 j - 2 scrolls of vulnerability
 k - 5 scrolls of amnesia
 l - a scroll of summoning
Potions
 b - 5 potions of magic
 f - 3 potions of berserk rage
 i - 2 potions of invisibility


   Skills:
 - Level 2.4 Dodging
 - Level 2.4 Stealth
 + Level 4.7 Spellcasting
 + Level 3.1 Conjurations
 * Level 5.5 Earth Magic


You had 9 spell levels left.
You knew the following spells:

 Your Spells              Type           Power      Damage    Failure   Level
a - Sandblast             Erth           50%        2d12      1%          1

Your spell library contained the following spells:

 Spells                   Type           Power      Damage    Failure   Level
 Passwall                 Erth           25%        N/A       4%          3
 Stone Arrow              Conj/Erth      42%        3d9       6%          3
 Brom's Barrelling Bould  Conj/Erth      21%        2d4       22%         4
 Petrify                  Alch/Erth      15%        N/A       38%         4


Dungeon Overview and Level Annotations

Branches:
Dungeon (1/1)

Altars:
Ashenzari
Cheibriados
Dithmenos
Elyvilon
Fedhas
Gozag
Hepliaklqana
Kikubaaqudgha
Makhleb
Nemelex Xobeh
Okawaru
Qazlal
Ru
Sif Muna
Trog
Uskayaw
Vehumet
Wu Jian
Xom
Yredelemnul
Zin
The Shining One
Jiyva
Lugonu


Message History

Your Conjurations skill increases to level 3!
Unknown command.
Unknown command.
A scorpion comes into view.
Aiming: Sandblast (safe; 1% risk of failure)
Press: ? - help, Q - select action, (/) - cycle Shift-Dir - straight line, f - scorpion
Aim: a scorpion (83% to hit)
The blast of sand hits the scorpion but does no damage.
The scorpion barely misses you.
Unknown command.
Unknown command.
You feel yourself speed up. The scorpion stings you.
You are poisoned.
The scorpion poisons you! The scorpion barely misses you.
You feel sick.
You feel sick.
There is an open door here.
You feel sick. The scorpion attacks as it pursues you! The scorpion stings you.
You feel sick.
* * * LOW HITPOINT WARNING * * *
You feel sick.
* * * LOW HITPOINT WARNING * * *
You feel sick.
There is an open door to the Storerooms (Easy) here.
* * * LOW HITPOINT WARNING * * *
You feel sick.
You see here a +0 club.
As you close the door, it creaks loudly!
* * * LOW HITPOINT WARNING * * *
You feel sick.
There is a lethal amount of poison in your body!
There is a lethal amount of poison in your body!
There is a lethal amount of poison in your body!
There is a lethal amount of poison in your body!
* * * LOW HITPOINT WARNING * * *
You feel sick.
Okay, then.
There is a lethal amount of poison in your body!
Unknown command.
You die...

########### _________.#
_________.#
_______...###########++
##########'##...........
#..(.')))'.##......#..#
##########.##..........
#..........s+).@........
#+#####'#####......#..#.
#..#..# #...........
#..'..# ####'#####+
#..#### #.......# #..
#.......# #. #.......#
## #...<...# #.......#


There were no monsters in sight!

Vanquished Creatures
  A gnoll (D)
  An adder (D)
  An ufetubus (D)
  A rat (D)
4 creatures vanquished.

Notes
Turn   | Place    | Note
-------+----------+-------------------------------------------
     0 | D        | Groucho the Deep Elf Earth Elementalist began the quest for
                  | the Orb.
     0 | D        | Reached XP level 1. HP: 10/10 MP: 6/6
    13 | D        | Reached skill level 4 in Earth Magic
    13 | D        | Reached XP level 2. HP: 15/15 MP: 3/9
   250 | D        | Found a glowing golden altar of the Shining One.
   250 | D        | Found a glowing silver altar of Zin.
   250 | D        | Found a basalt altar of Yredelemnul.
   250 | D        | Found a shimmering altar of Xom.
   250 | D        | Found an ornate altar of the Wu Jian Council.
   250 | D        | Found a bloodstained altar of Trog.
   250 | D        | Found a shimmering blue altar of Sif Muna.
   250 | D        | Found a sacrificial altar of Ru.
   250 | D        | Found a stormy altar of Qazlal.
   250 | D        | Found an iron altar of Okawaru.
   250 | D        | Found a sparkling altar of Nemelex Xobeh.
   250 | D        | Found a burning altar of Makhleb.
   250 | D        | Found a viscous altar of Jiyva.
   250 | D        | Found a hazy altar of Hepliaklqana.
   250 | D        | Found an opulent altar of Gozag.
   250 | D        | Found a blossoming altar of Fedhas.
   250 | D        | Found a white marble altar of Elyvilon.
   250 | D        | Found a shadowy altar of Dithmenos.
   250 | D        | Found a snail-covered altar of Cheibriados.
   251 | D        | Found a radiant altar of Vehumet.
   251 | D        | Found a corrupted altar of Lugonu.
   252 | D        | Found an ancient bone altar of Kikubaaqudgha.
   252 | D        | Found a hide-covered altar of Uskayaw.
   252 | D        | Found a broken altar of Ashenzari.
   253 | D        | Became a worshipper of Sif Muna the Loreminder
   271 | D        | Reached skill level 5 in Earth Magic
   495 | D        | Reached * piety under Sif Muna
   497 | D        | Noticed a scorpion
   511 | D        | Succumbed to a scorpion's poison

Illustrated notes

Levels and vault maps discovered:
D:        pitsprint [storerooms_1, entrance_room_1, metal_vault_3, armoury_3,
          mini_pit_1, grid_room_1, main_hall_1, silver_pit, the_coven_1,
          the_vestibule_1, steel_vault_5, golden_pit, hallway_of_sentries,
          crystal_vault_3, iron_vault_1, final_vault]

Skill      XL: |  1  2 |
---------------+-------+-----
Spellcasting   | 4 |  4.7
Conjurations   | 2 3 |  3.1
Earth Magic    | 4 5 |  5.5
Dodging        | |  2.4
Stealth        | |  2.4

Action                     || total
---------------------------++-------
  Melee: Dagger            ||     1
   Cast: Sandblast         ||     8
    Use: Potion            ||     3
 Armour: Robe              ||     9
  Dodge: Dodged            ||     8
